AoeStats
← 爷爷泡的奶茶

Black Forest

509015849Analyzed
2v2 RM · 6d ago on Sep 25, 2026· 41m 7s· 4 players
Game mode
Random Map
Map size
Medium (4 player)
Population
200
Speed
Normal
Resources
Standard
Victory
Conquest
Starting age
Dark Age
Ending age
Imperial Age
RankedLock teamsTeams togetherTeam positionsShared explorationLock speedFull tech treeHidden civsTurbo modeCheats
Victory
Defeat
🇩🇪 Huns · Germany
984
+15
🇮🇩 Cumans · Indonesia
975
+15
🇨🇱 Bohemians · Chile
974
-15
🇨🇱 Mapuche · Chile
951
-15
Gekyume
0:35 Loom
11:30 Feudal Age
15:49 Castle Age
30:51 Horse Collar
31:00 Double-Bit Axe
37:19 Pikeman
37:45 Arson
39:59 Forging
39:50 Scale Mail Armor
41:17 Iron Casting
Lerny
0:49 Loom
11:50 Feudal Age
16:34 Castle Age
16:07 Double-Bit Axe
18:03 Horse Collar
25:10 Wheelbarrow
25:39 Heavy Plow
25:53 Bow Saw
32:29 Imperial Age
30:17 Hand Cart
29:51 Town Watch
30:11 Scale Mail Armor
30:37 Squires
30:23 Arson
29:58 Pikeman
31:17 Forging
31:23 Chain Mail Armor
32:46 Chemistry
31:58 Fortified Wall
32:36 Elite Hussite Wagon
32:40 Halberdier
33:02 Houfnice
41:15 Plate Mail Armor
Walls vs Zombies 2009
11:44 Feudal Age
12:16 Double-Bit Axe
13:10 Loom
15:54 Castle Age
14:21 Horse Collar
17:38 Wheelbarrow
20:15 Bow Saw
20:15 Heavy Plow
23:20 Fletching
24:41 Pikeman
29:47 Gold Mining
29:48 Stone Mining
31:28 Hand Cart
34:28 Imperial Age
33:02 Scale Barding Armor
33:07 Forging
33:35 Gold Shaft Mining
34:03 Bloodlines
33:53 Husbandry
34:14 Chain Barding Armor
36:08 Plate Barding Armor
36:43 Two-Man Saw
35:25 Light Cavalry
37:16 Conscription
37:47 Iron Casting
37:09 Bodkin Arrow
37:14 Scale Mail Armor
37:20 Hussar
37:57 Elite Tarkan
38:25 Halberdier
39:06 Squires
40:18 Chain Mail Armor
41:04 Blast Furnace
40:20 Chain Mail Armor
40:05 Arson
40:42 Capped Ram
41:38 Bracer
41:38 Padded Archer Armor
爷爷泡的奶茶
1:46 Loom
2:16 Loom
9:59 Feudal Age
11:48 Double-Bit Axe
12:56 Horse Collar
19:22 Wheelbarrow
23:28 Gold Mining
26:34 Castle Age
24:47 Scale Barding Armor
24:52 Forging
27:34 Bloodlines
28:22 Hand Cart
30:01 Gold Shaft Mining
29:42 Bow Saw
29:36 Heavy Plow
30:36 Chain Barding Armor
30:51 Iron Casting
30:51 Stone Mining
31:42 Capped Ram
40:00 Imperial Age
Connection lost

Rejoining the realm…

Still unreachable

The connection could not be restored.

Session expired

The server has moved on; the page needs a fresh start.